 Dungeon Crawl Stone Soup version 0.20.0-7-g3b7b877 (webtiles) character file.

89 MTVSty1e the Ruffian (level 4, -1/38 HPs)
             Began as a Draconian Transmuter on May 29, 2017.
             Succumbed to Sigmund's poison
             ... on level 2 of the Dungeon.
             The game lasted 00:05:53 (2529 turns).

MTVSty1e the Ruffian (Draconian Transmuter)         Turns: 2529, Time: 00:05:53

Health: -1/38      AC:  6    Str: 13    XL:     4   Next: 31%
Magic:  7/7        EV: 18    Int: 13    God:
Gold:   83         SH:  0    Dex: 22    Spells: 4/7 levels left

rFire    . . .     SeeInvis .     - Unarmed
rCold    . . .     Gourm    .   (no shield)
rNeg     . . .     Faith    .   (armour unavailable)
rPois    .         Spirit   .   (helmet restricted)
rElec    .         Reflect  .   (no cloak)
rCorr    .         Harm     .   m - +0 pair of gloves
MR       .....                  (no boots)
Stlth    +++.......             (no amulet)
Regen    0.2/turn               l - +5 ring of dexterity
MPRegen  0.1/turn               (no ring)

@: agile, lethally poisoned (-1 -> -32)
A: unfitting armour, cold-blooded, AC +5
a: no special abilities


You were on level 2 of the Dungeon.
You were not hungry.

You visited 1 branch of the dungeon, and saw 2 of its levels.

You collected 83 gold pieces.

Inventory:

Missiles
 a - 11 arrows
Armour
 m - a +0 pair of gloves (worn)
Jewellery
 l - a +5 ring of dexterity (left hand)
Scrolls
 g - a scroll of teleportation {unknown}
 h - a scroll of magic mapping {unknown}
 i - a scroll of remove curse {unknown}
 k - a scroll of fog {unknown}
 o - 2 scrolls of identify {unknown}
 p - a scroll of blinking {unknown}
Books
 b - a book of Changes

   Spells                             Type                      Level
   a - Beastly Appendage              Transmutation                1
   b - Sticks to Snakes               Transmutation                2
   c - Spider Form                    Transmutation/Poison         3
   d - Ice Form                       Ice/Transmutation            4
   e - Blade Hands                    Transmutation                5
Comestibles
 c - 2 bread rations
 f - 3 meat rations


   Skills:
 + Level 3.2 Fighting
 - Level 1.7 Dodging
 + Level 4.2 Unarmed Combat
 - Level 2.0 Spellcasting
 - Level 2.0 Transmutations


You had 4 spell levels left.
You knew the following spells:

 Your Spells              Type           Power        Failure   Level  Hunger
a - Beastly Appendage     Tmut           #.....       11%         1    ##.....
b - Sticks to Snakes      Tmut           #.......     17%         2    ###....


Dungeon Overview and Level Annotations

Branches:
Dungeon (2/15)

Altars:

Annotations:
D:2 Sigmund


Innate Abilities, Weirdness & Mutations

Your plain brown scales are hard. (AC +5)
You cannot fit into any form of body armour.
You are cold-blooded and may be slowed by cold attacks.


Message History

A puff of flame appears from out of thin air!
The puff of flame hits you!
* * * LOW HITPOINT WARNING * * *
Are you sure you want to stumble around while confused and next to your ball python?
Okay, then.
Unknown command.
Unknown command.
Are you sure you want to stumble around while confused and next to your ball python? [Y]es or [N]o only, please.
Are you sure you want to stumble around while confused and next to your ball python? [Y]es or [N]o only, please.
Are you sure you want to stumble around while confused and next to your ball python? [Y]es or [N]o only, please.
Are you sure you want to stumble around while confused and next to your ball python?
You feel less invigorated.
You feel less confused.
* * * LOW HITPOINT WARNING * * *
You feel very sick.
Your talons disappear.
You die...

#............#
#............#
#............# #
#............#.#
#............#.#####
#.....................#
#...............#
#S..............#
#@..............#
#...............#
#####...........##
#.†.........+.
#...........#.
#...........#.
#...........#.
#...........#.
###...........


You could see a friendly ball python.

Vanquished Creatures
  4 adders (D:2)
  A dart slug (D:1)
  A leopard gecko (D:1)
  5 bats
  3 giant cockroaches
  4 hobgoblins
  7 jackals
  2 ball pythons
  5 frilled lizards
  3 goblins
  4 kobolds (D:1)
  4 rats (D:1)
43 creatures vanquished.

Vanquished Creatures (collateral kills)
  An adder (D:2)
1 creature vanquished.

Grand Total: 44 creatures vanquished

Notes
Turn   | Place    | Note
-------+----------+-------------------------------------------
     0 | D:1      | MTVSty1e the Draconian Transmuter began the quest for the Orb.
     0 | D:1      | Reached XP level 1. HP: 16/16 MP: 3/3
   165 | D:1      | Reached XP level 2. HP: 20/23 MP: 5/5
  1189 | D:1      | Reached XP level 3. HP: 30/30 MP: 4/6
  1514 | D:2      | Learned a level 2 spell: Sticks to Snakes
  1843 | D:2      | Reached skill level 4 in Unarmed Combat
  2205 | D:2      | Reached XP level 4. HP: 20/38 MP: 5/7
  2500 | D:2      | Noticed Sigmund
  2527 | D:2      | HP: 1/38 [something/puff of flame (10)]
  2529 | D:2      | Succumbed to Sigmund's poison

Skill      XL: |  1  2  3 |
---------------+----------+-----
Fighting       | 2 3 |  3.2
Unarmed Combat | 4 |  4.2
Dodging        | |  1.7
Spellcasting   | |  2.0
Transmutations | |  2.0

Action                   |  1- 3 |  4- 6 || total
-------------------------+-------+-------++-------
Melee: Unarmed           |   133 |    14 ||   147
       Tailslap          |    11 |     4 ||    15
       Headbutt          |     6 |       ||     6
       Kick              |     8 |     2 ||    10
       Punch             |     1 |       ||     1
 Cast: Beastly Appendage |    20 |     3 ||    23
       Sticks to Snakes  |       |     1 ||     1
  Use: Potion            |       |     6 ||     6
  Eat: Bread ration      |     1 |       ||     1
       Meat ration       |       |     1 ||     1
Armor: Skin              |    45 |     9 ||    54
Dodge: Dodged            |    93 |    21 ||   114
